 Dungeon Crawl Stone Soup version 0.23.2-40-g277498a001 (webtiles) character file.

Game seed: 12056220506487958474

4151 DildoBatman the Artisan of Death (level 10, -4/63 HPs)
             Began as a Formicid Wizard on Sept 30, 2019.
             Was a Priest of Kikubaaqudgha.
             Slain by a hippogriff (5 damage)
             ... on level 8 of the Dungeon.
             The game lasted 00:39:21 (10313 turns).

DildoBatman the Artisan of Death (Formicid Wizard) Turns: 10313, Time: 00:39:21

Health: -4/63      AC:  5    Str: 11    XL:     10   Next: 52%
Magic:  8/16       EV: 12    Int: 22    God:    Kikubaaqudgha [***...]
Gold:   375        SH:  0    Dex: 14    Spells: 5/17 levels left

rFire    + . .     SeeInvis +   a - +2 hunting sling (freeze)
rCold    . . .     Gourm    .   (no shield)
rNeg     . . .     Faith    +   w - +0 robe
rPois    .         Spirit   .   (helmet unavailable)
rElec    .         Reflect  .   M - +0 cloak
rCorr    .         Harm     .   m - +0 pair of gloves
MR       +....                  p - +0 pair of boots
Stlth    +.........             g - amulet of faith
HPRegen  0.20/turn              R - +5 ring of dexterity
MPRegen  0.15/turn              H - ring of protection from fire

@: confused, lethally poisoned (-4 -> -4)
A: permanent stasis, dig shafts and tunnels, four strong arms, antennae 3
a: Dig, Shaft Self, Receive Corpses, Renounce Religion


You were on level 8 of the Dungeon.
You worshipped Kikubaaqudgha.
Kikubaaqudgha was most pleased with you.
You were not hungry.

You visited 2 branches of the dungeon, and saw 9 of its levels.

You collected 375 gold pieces.

Inventory:

Hand Weapons
 a - a +2 hunting sling of freezing (weapon)
 b - a +0 halberd
 y - a +0 dagger of electrocution
 G - a +1 spear of piercing
 L - a +3 quarterstaff of chaos
Missiles
 d - 36 poisoned needles
 i - 130 sling bullets
 n - 96 stones (quivered)
 o - 21 bolts
 A - 91 arrows
 P - 2 steel javelins
 Q - 8 tomahawks
Armour
 k - a scarf of spirit shield
 m - a +0 pair of gloves (worn)
 p - a +0 pair of boots (worn)
 w - a +0 robe (worn)
 M - a +0 cloak (worn)
Magical Staves
 f - an uncursed staff of earth
Jewellery
 g - an amulet of faith (around neck)
 H - a ring of protection from fire (right hand)
 R - a +5 ring of dexterity (left hand)
Wands
 I - a wand of paralysis (13)
 K - a wand of digging (6)
 S - a wand of enslavement (7)
 W - a wand of flame (16)
Scrolls
 c - a scroll of amnesia {unknown}
 h - 2 scrolls of enchant weapon {unknown}
 j - a scroll of magic mapping {unknown}
 s - a scroll of random uselessness {unknown}
 x - 6 scrolls of remove curse
 z - a scroll of identify
 F - 2 scrolls of fear {unknown}
 O - 2 scrolls of blinking {unknown}
 T - a scroll of fog {unknown}
Potions
 e - 3 potions of curing {unknown}
 l - 2 potions of magic {unknown}
 q - 4 potions of mutation {unknown}
 r - 2 potions of resistance {unknown}
 t - 5 potions of brilliance
 u - 6 potions of degeneration {unknown}
 B - 3 potions of might {unknown}
 C - 2 potions of agility {unknown}
 D - 6 potions of heal wounds
 E - a potion of invisibility {unknown}
 J - a potion of lignification {unknown}
 U - a potion of flight {unknown}
 V - a potion of berserk rage {unknown}
Comestibles
 v - 11 rations
 N - 15 chunks of flesh


   Skills:
 - Level 1.7 Dodging
 - Level 2.4 Stealth
 * Level 4.0 Spellcasting
 - Level 6.0 Conjurations
 - Level 4.1 Charms
   Level 1.0 Summonings
 * Level 8.9 Necromancy
   Level 0.8 Translocations
 - Level 5.0 Fire Magic
 - Level 5.0 Air Magic


You had 5 spell levels left.
You knew the following spells:

 Your Spells              Type           Power        Failure   Level  Hunger
a - Conjure Flame         Conj/Fire      ####....     3%          3    ###....
c - Magic Dart            Conj           ####         1%          1    None
d - Regeneration          Chrm/Necr      ####......   2%          3    ###....
e - Mephitic Cloud        Conj/Pois/Air  ###.....     8%          3    ###....
z - Sublimation of Blood  Necr           #####.....   1%          2    #......

Your spell library contained the following spells:

 Spells                   Type           Power        Failure   Level  Hunger
 Animate Skeleton         Necr           N/A          1%          1    None
 Pain                     Necr           ####         1%          1    None
 Animate Dead             Necr           N/A          2%          4    ####...
 Dispel Undead            Necr           #####...     8%          5    ######.
 Call Imp                 Summ           #.......     11%         2    #......
 Bolt of Draining         Conj/Necr      #####.....   14%         5    ######.
 Slow                     Hex            #.......     17%         2    #......
 Borgnjor's Vile Clutch   Necr/Erth      ###.......   45%         5    ######.
 Simulacrum               Ice/Necr       ###.......   95%         6    #######
 Blink                    Tloc           Unusable     N/A         2    N/A

Dungeon Overview and Level Annotations

Branches:
Dungeon (8/15)             Temple (1/1) D:5
   Lair: D:8-11

Altars:
Ashenzari
Dithmenos
Elyvilon
Fedhas
Gozag
Hepliaklqana
Kikubaaqudgha
Makhleb
Okawaru
Qazlal
Ru
Sif Muna
Trog
Uskayaw
Vehumet
Wu Jian
Xom
Yredelemnul
Zin
The Shining One
Jiyva


Innate Abilities, Weirdness & Mutations

You cannot be hasted, slowed, berserked, paralysed or teleported.
You can dig through walls and to a lower floor.
Your four strong arms can wield two-handed weapons with a shield.
You have a pair of large antennae on your head. (SInv)


Message History

You are engulfed in noxious fumes.
You choke on the stench!
You are confused.
You feel sick.
The hippogriff is engulfed in noxious fumes.
The hippogriff appears confused.
The hippogriff barely misses you. The hippogriff closely misses you.
The hippogriff claws you.
You're too confused to move!
You are engulfed in noxious fumes.
You choke on the stench!
You are more confused.
The hippogriff is engulfed in noxious fumes.
The hippogriff appears confused.
The hippogriff bites you. The hippogriff pecks you. The hippogriff claws you.
You die...
Kikubaaqudgha rasps: "You have failed me!
Welcome... death!"

.......... ........(
#......#####
#....(.#...#
#....(.#...+
#......#...#
#...#.>....#...#
#...#......#§°.#
#...#(.....☼H@.#
...#...#......☼☼○.#
...##..#......#...#
....#..##.....##+##
{ ....#...#.....#
....#...#.....#
....#...#.....#
....#...#..÷..#+####
....#...#..........#


You could see a hippogriff (confused).

Vanquished Creatures
  Harold (D:7)
  A troll (D:8)
  Menkaure (D:6)
  A sky beast (D:7)
  An ice beast (D:6)
  4 ogres
  3 phantoms
  A necrophage (D:6)
  A crocodile (D:7)
  3 bullfrogs
  4 scorpions
  10 killer bees
  4 howler monkeys
  A crimson imp (D:5)
  A bullfrog zombie (D:5)
  A centaur zombie (D:8)
  2 jellies
  2 quasits (D:8)
  4 orc priests
  4 hounds
  Crazy Yiuf (D:3)
  2 bullfrog skeletons
  4 iguanas
  4 orc wizards
  7 worker ants
  A hound zombie (D:6)
  15 adders
  3 gnolls (D:5)
  3 shadow imps
  3 oozes
  2 adder skeletons
  3 worms
  2 dart slugs
  4 leopard geckos
  24 orcs
  9 giant cockroaches
  3 goblins
  2 hobgoblins (D:2)
  9 jackals
  7 quokkas
  6 bats
  6 frilled lizards
  A giant cockroach zombie (D:6)
  2 gnoll zombies (D:2)
  A jackal skeleton (D:4)
  A jackal zombie (D:8)
  7 kobolds
  A leopard gecko skeleton (D:7)
  A quokka skeleton (D:4)
  12 rats
196 creatures vanquished.

Vanquished Creatures (others)
  A centaur (D:6)
1 creature vanquished.

Grand Total: 197 creatures vanquished

Notes
Turn   | Place    | Note
-------+----------+-------------------------------------------
     0 | D:1      | DildoBatman the Formicid Wizard began the quest for the
                  | Orb.
     0 | D:1      | Reached XP level 1. HP: 13/13 MP: 4/4
    25 | D:1      | Reached skill level 1 in Conjurations
   274 | D:1      | Reached XP level 2. HP: 17/19 MP: 1/6
   772 | D:1      | Reached XP level 3. HP: 24/24 MP: 3/7
   777 | D:1      | Learned a level 3 spell: Conjure Flame
   781 | D:1      | Learned a level 3 spell: Mephitic Cloud
  1780 | D:2      | Reached XP level 4. HP: 24/30 MP: 1/8
  2419 | D:2      | Found a basalt altar of Yredelemnul.
  2708 | D:3      | Found a deep blue altar of Sif Muna.
  2708 | D:3      | Found a stormy altar of Qazlal.
  2827 | D:3      | Found a runed translucent door.
  2828 | D:3      | Noticed Crazy Yiuf
  3228 | D:3      | Reached XP level 5. HP: 31/35 MP: 4/9
  3377 | D:3      | Found a glowing silver altar of Zin.
  4189 | D:4      | Reached XP level 6. HP: 38/41 MP: 8/10
  4357 | D:4      | Found a sacrificial altar of Ru.
  4367 | D:4      | Noticed an ogre
  4396 | D:4      | Killed an ogre
  4396 | D:4      | Reached skill level 5 in Conjurations
  4453 | D:4      | Noticed a phantom
  4768 | D:5      | Entered Level 5 of the Dungeon
  4958 | D:5      | Reached skill level 1 in Fire Magic
  4958 | D:5      | Reached XP level 7. HP: 46/46 MP: 4/11
  5010 | D:5      | Reached skill level 1 in Air Magic
  5253 | D:5      | Found a staircase to the Ecumenical Temple.
  5263 | Temple   | Entered the Ecumenical Temple
  5396 | Temple   | Became a worshipper of Kikubaaqudgha
  5711 | D:5      | Found a hide-covered altar of Uskayaw.
  6004 | D:5      | Reached XP level 8. HP: 52/52 MP: 8/12
  6414 | D:4      | Found a shadowy altar of Dithmenos.
  6997 | D:3      | Reached * piety under Kikubaaqudgha
  6997 | D:3      | Identified Kikubaaqudgha's Incunabulum of Evil Magic
                  | (Kikubaaqudgha gifted it to you on level 3 of the Dungeon)
  6997 | D:3      | Received a gift from Kikubaaqudgha
  7003 | D:3      | Learned a level 3 spell: Regeneration
  7006 | D:3      | Learned a level 2 spell: Sublimation of Blood
  7185 | D:3      | Killed Crazy Yiuf
  7490 | D:4      | Found a stormy altar of Qazlal.
  7549 | D:6      | Found a shimmering altar of Xom.
  7675 | D:6      | Reached skill level 5 in Fire Magic
  7924 | D:6      | Noticed Menkaure
  7945 | D:6      | Reached XP level 9. HP: 57/57 MP: 7/13
  8045 | D:5      | Reached skill level 5 in Air Magic
  8166 | D:6      | Killed Menkaure
  8166 | D:6      | Reached skill level 1 in Charms
  8166 | D:6      | Reached skill level 1 in Necromancy
  8271 | D:6      | Reached skill level 2 in Necromancy
  8329 | D:6      | Reached ** piety under Kikubaaqudgha
  8452 | D:6      | Reached skill level 3 in Necromancy
  9061 | D:7      | Reached skill level 4 in Necromancy
  9393 | D:7      | Reached skill level 5 in Necromancy
  9455 | D:7      | Noticed Harold
  9574 | D:7      | Killed Harold
  9574 | D:7      | Reached skill level 7 in Necromancy
  9574 | D:7      | Reached XP level 10. HP: 35/63 MP: 1/14
  9782 | D:8      | Reached skill level 8 in Necromancy
  9921 | D:8      | Found an iron altar of Okawaru.
  9952 | D:8      | Reached *** piety under Kikubaaqudgha
  9952 | D:8      | Identified Kikubaaqudgha's Compendium of Sinister Rites
                  | (Kikubaaqudgha gifted it to you on level 8 of the Dungeon)
  9952 | D:8      | Received a gift from Kikubaaqudgha
 10313 | D:8      | HP: 1/63 [hippogriff (4)]
 10313 | D:8      | Slain by a hippogriff

Skill      XL: |  1  2  3  4  5  6  7  8  9 10 |
---------------+-------------------------------+-----
Conjurations   | 2 3 4 6 |  6.0
Fire Magic     | 1 3 5 |  5.0
Air Magic      | 2 4 5 |  5.0
Charms         | 4 |  4.1
Necromancy     | 7 8 |  8.9
Spellcasting   | 4 |  4.0
Dodging        | |  1.7
Stealth        | |  2.4
Summonings     | |  1.0
Translocations | |  0.8

Action                   |  1- 3 |  4- 6 |  7- 9 | 10-12 || total
-------------------------+-------+-------+-------+-------++-------
Melee: Dagger            |     1 |       |       |       ||     1
       Trident           |       |    10 |       |       ||    10
       Short sword       |       |     4 |       |       ||     4
       Hunting sling     |       |       |     1 |     1 ||     2
 Fire: Hunting sling     |       |    67 |   297 |   150 ||   514
Throw: Javelin           |       |       |       |     2 ||     2
 Cast: Magic Dart        |    62 |    58 |   138 |     5 ||   263
       Conjure Flame     |       |     5 |    16 |    13 ||    34
       Mephitic Cloud    |       |     5 |    38 |    12 ||    55
       Regeneration      |       |       |       |     4 ||     4
       Sublimation of Bl |       |       |       |     1 ||     1
 Abil: Dig               |     1 |     5 |    10 |     8 ||    24
Evoke: Wand              |       |       |       |     1 ||     1
  Use: Scroll            |       |     1 |     3 |       ||     4
 Stab: Sleeping          |       |     1 |       |       ||     1
  Eat: Chunk             |     2 |    11 |    16 |     6 ||    35
       Ration            |       |       |     1 |       ||     1
Armor: Robe              |       |    10 |    27 |     7 ||    44
Dodge: Dodged            |     1 |    34 |    94 |    28 ||   157
